 Dungeon Crawl Stone Soup version 0.17-a0-627-g5cb7d3e (webtiles) character file.

68 hulla the Digger (level 4, -4/27 HPs)
             Began as an Octopode Earth Elementalist on Apr 17, 2015.
             Slain by a gnoll (5 damage)
             ... on level 2 of the Dungeon.
             The game lasted 00:13:34 (1884 turns).

hulla the Digger (Octopode Earth Elementalist)      Turns: 1884, Time: 00:13:34

Health: -4/27      AC:  1    Str:  7    XL:     4   Next: 19%
Magic:  3/7        EV: 12    Int: 18    God:
Gold:   60         SH:  0    Dex: 12    Spells: 2 memorised, 3 levels left

rFire  . . .     SeeInvis .     a - +0 dagger
rCold  . . .     Clarity  .     (no shield)
rNeg   . . .     SustAb   .     (helmet restricted)
rPois  .         Gourm    .     (no amulet)
rElec  .         Spirit   .     (no ring)
rCorr  .         Warding  .     (no ring)
rMut   .         Stasis   .     (no ring)
MR     .....                    (no ring)
Stlth  ++++......               (no ring)
                                (no ring)
                                (no ring)
                                (no ring)

@: very slightly contaminated, not resistant to hostile enchantments, stealthy
A: almost no armour, amphibious, 8 rings, constrict 8, camouflage 1, gelatinous
body 1
a: no special abilities


You were on level 2 of the Dungeon.
You were not hungry.

You visited 1 branch of the dungeon, and saw 2 of its levels.

You collected 60 gold pieces.

Inventory:

Hand weapons
 a - a +0 dagger (weapon)
 e - a +0 short sword
Missiles
 b - 25 stones
 c - 47 sling bullets
 f - 7 poisoned needles
 g - 11 arrows
 j - 2 tomahawks (quivered)
Scrolls
 o - a scroll of noise {unknown}
Potions
 i - 2 potions of brilliance
 l - a potion of heal wounds {unknown}
 m - a potion of curing
Books
 d - a book of Geomancy

   Spells                             Type                      Level
   a - Sandblast                      Earth                        1
   b - Stoneskin                      Transmutation/Earth          2
   c - Passwall                       Transmutation/Earth          3
   d - Stone Arrow                    Conjuration/Earth            3
   e - Petrify                        Transmutation/Earth          4
   f - Lee's Rapid Deconstruction     Earth                        5
Comestibles
 h - 2 bread rations
 k - 4 chunks of flesh
 n - a beef jerky


   Skills:
 - Level 2.0 Dodging
 - Level 4.0 Stealth
 - Level 2.0 Spellcasting
 * Level 1.2 Conjurations
   Level 1.0 Transmutations
 + Level 4.1 Earth Magic


You had 3 spell levels left.
You knew the following spells:

 Your Spells              Type           Power        Failure   Level  Hunger
a - Sandblast             Erth           ###...       3%          1    #......
b - Stone Arrow           Conj/Erth      ##....       21%         3    ###....


Dungeon Overview and Level Annotations

Branches:
Dungeon (2/15)

Altars:


Innate Abilities, Weirdness & Mutations

You cannot wear most types of armour.
You are amphibious.
You can wear up to eight rings at the same time.
You can use your tentacles to constrict eight enemies at once.
Your skin changes colour to match your surroundings (Stealth).
Your rubbery body absorbs attacks (AC +1).


Message History

The gnoll is severely wounded.
The gnoll hits you.
You barely miss the gnoll. Your grab misses the gnoll.
The gnoll is severely wounded.
The gnoll hits you.
You hit the gnoll. Your grab misses the gnoll.
The gnoll is severely wounded.
The gnoll closely misses you. The gnoll hits you with a whip!
You barely miss the gnoll. You grab the gnoll.
The gnoll is severely wounded.
You constrict the gnoll. The gnoll hits you!
* * * LOW HITPOINT WARNING * * *
The gnoll hits you with a whip.
* * * LOW HITPOINT WARNING * * *
Unknown command.
You hit the gnoll.
The gnoll is almost dead.
You constrict the gnoll, but do no damage.
The gnoll hits you.
You die...

#..........# #.##.
##.#########
######.##. #.#
#......... ##.##
#.####.... #...#
####+######## #...#
#.........
#...########.........
##......g.##..........
#.#...@g...(.........
###.####..#.)........
#.......#.......[.
#..##...####.#+#..
#..##...# .# #
#..##..(# .. .
######...#..(####....l
#........#..((.......g
#.#####..#..#######..g


You could see 2 gnolls.

Vanquished Creatures
  An adder (D:2)
  2 gnolls (D:2)
  5 bats
  5 hobgoblins (D:1)
  2 jackals (D:1)
  3 ball pythons
  A giant cockroach (D:2)
  A giant newt (D:1)
  5 goblins
  12 kobolds
  3 rats
40 creatures vanquished.

Notes
Turn   | Place    | Note
--------------------------------------------------------------
     0 | D:1      | hulla, the Octopode Earth Elementalist, began the quest for the Orb.
     0 | D:1      | Reached XP level 1. HP: 11/11 MP: 3/3
   196 | D:1      | Reached XP level 2. HP: 17/17 MP: 3/5
   720 | D:1      | Reached skill level 4 in Stealth
   754 | D:1      | Reached XP level 3. HP: 19/21 MP: 6/6
   766 | D:1      | Learned a level 3 spell: Stone Arrow
  1651 | D:2      | Reached skill level 1 in Conjurations
  1651 | D:2      | Reached XP level 4. HP: 27/27 MP: 4/7
  1883 | D:2      | HP: 1/27 [gnoll/whip (5)]
  1884 | D:2      | Slain by a gnoll

Action                   |  1- 3 |  4- 6 || total
-------------------------+-------+-------++-------
Melee: Unarmed           |    10 |       ||    10
       Dagger            |    49 |     7 ||    56
Throw: Tomahawk          |     2 |     6 ||     8
 Cast: Sandblast         |    29 |     5 ||    34
  Use: Potion            |     3 |       ||     3
       Scroll            |     1 |       ||     1
 Stab: Sleeping          |     2 |       ||     2
  Eat: Chunk             |     3 |       ||     3
